 Dungeon Crawl Stone Soup version 0.29-a0-350-g7790a0e70a (webtiles) character file.

Game seed: 14027510003330919820

35591 deadleaves the Basher (level 14, -1/105 HPs)
             Began as a Human Cinder Acolyte on Apr 16, 2022.
             Was an Elder of Vehumet.
             Slain by a five-headed hydra (12 damage)
             ... on level 3 of the Lair of Beasts on Apr 22, 2022.
             The game lasted 01:59:07 (25284 turns).

deadleaves the Basher (Human Cinder Acolyte)       Turns: 25284, Time: 01:59:08

Health: -1/105     AC:  9    Str: 24    XL:     14   Next: 19%
Magic:  20/24      EV: 18    Int: 23    God:    Vehumet [****..]
Gold:   837        SH:  0    Dex: 13    Spells: 4/27 levels left

rFire   + . .      SeeInvis .   H - +8 whip "Snakebite" {venom, curare, rPois}
rCold   . . .      Faith    .   (no shield)
rNeg    . . .      Spirit   .   m - +1 robe "Ockaa" {rF+ Str+7 Dex+4}
rPois   +          Reflect  .   p - +1 helmet
rElec   .          Harm     .   D - +2 cloak {rPois}
rCorr   .          Rampage  .   K - +0 pair of gloves
Will    +....      Clarity  +   (no boots)
Stlth   +.........              c - amulet of the acrobat
HPRegen 0.27/turn               M - +6 ring of intelligence
MPRegen 0.19/turn               s - +4 ring of evasion

@: about to teleport
A: clarity, no potion heal 1
a: Renounce Religion


You were on level 3 of the Lair of Beasts.
You worshipped Vehumet.
Vehumet was greatly pleased with you.
You visited 4 branches of the dungeon, and saw 16 of its levels.
You also visited: Ossuary and Volcano.

You collected 1175 gold pieces.
You spent 338 gold pieces at shops.

Inventory:

Hand Weapons
 v - a +3 spectral quarterstaff
 H - the +8 whip "Snakebite" (weapon) {venom, curare, rPois}
   (You found it on level 1 of the Lair of Beasts)

   It poisons the flesh of those it strikes.
   It occasionally inflicts asphyxiating poison on those it strikes, dealing
   poison damage and causing slowness.
   rPois:     It protects you from poison.
Armour
 k - a +3 leather armour of fire resistance
 m - the +1 robe "Ockaa" (worn) {rF+ Str+7 Dex+4}
   (You found it on level 3 of the Dungeon)

   Str:       It affects your strength (+7).
   Dex:       It affects your dexterity (+4).
   rF:        It protects you from fire.
 p - a +1 helmet (worn)
 D - a +2 cloak of poison resistance (worn)
 K - a +0 pair of gloves (worn)
Jewellery
 c - an amulet of the acrobat (around neck)
 q - a +6 ring of dexterity
 s - a +4 ring of evasion (right hand)
 t - a ring of poison resistance
 z - a ring of positive energy
 G - a ring of magical power
 J - a ring of ice
 M - a +6 ring of intelligence (left hand)
 O - a ring of protection from cold
Wands
 u - a wand of iceblast (5)
 y - a wand of charming (7)
 A - a wand of digging (6)
 B - a wand of flame (15)
Scrolls
 e - 4 scrolls of magic mapping
 f - 3 scrolls of enchant weapon
 g - 4 scrolls of immolation
 l - a scroll of silence
 E - 2 scrolls of teleportation
 I - a scroll of holy word
 L - a scroll of vulnerability
Potions
 a - 7 potions of haste
 b - 6 potions of cancellation
 d - 2 potions of brilliance
 h - 6 potions of flight
 i - 9 potions of curing
 j - 4 potions of heal wounds
 n - 3 potions of ambrosia
 o - 2 potions of mutation
 r - 3 potions of lignification
 w - a potion of berserk rage
 x - a potion of resistance
 C - a potion of attraction
 F - 4 potions of might


   Skills:
 - Level 8.1 Fighting
 - Level 12.1(12.7) Maces & Flails
 - Level 2.0(4.3) Polearms
 - Level 6.0(10.0) Staves
 - Level 2.7 Armour
 - Level 6.8 Dodging
 - Level 7.0 Spellcasting
 - Level 6.1 Summonings
 + Level 9.2 Necromancy
 - Level 4.5 Fire Magic
 - Level 4.0 Ice Magic
 - Level 7.5 Air Magic


You had 4 spell levels left.
You knew the following spells:

 Your Spells              Type           Power      Damage    Failure   Level
a - Scorch                Fire           56%        2d7       1%          2
b - Summon Lightning Spi  Summ/Air       39%        N/A       4%          4
c - Airstrike             Air            21%        N/A       1%          4
d - Frozen Ramparts       Ice            52%        1d7       1%          3
e - Death Channel         Necr           25%        N/A       26%         6
f - Flame Wave            Conj/Fire      18%        2d6       9%          4

Your spell library contained the following spells:

 Spells                   Type           Power      Damage    Failure   Level
 Spellforged Servitor     Conj/Summ      11%        N/A       98%         7
 Corpse Rot               Necr/Air       92%        N/A       1%          2
 Static Discharge         Conj/Air       25%        N/A       1%          2
 Dispel Undead            Necr           50%        3d19      1%          4
 Ensorcelled Hibernation  Hex/Ice        34%        N/A       4%          2
 Stone Arrow              Conj/Erth      16%        3d8       6%          3
 Anguish                  Hex/Necr       14%        N/A       12%         4
 Spider Form              Tmut/Pois      8%         N/A       22%         3
 Animate Armour           Summ/Erth      44%        N/A       22%         4
 Freezing Cloud           Conj/Ice/Air   12%        6-21      12%         5
 Lightning Bolt           Conj/Air       12%        1d26      12%         5
 Simulacrum               Ice/Necr       19%        N/A       61%         6
 Maxwell's Capacitive Co  Air            21%        ∞         99%         8
 Lehudib's Crystal Spear  Conj/Erth      4%         10d3      100%        8
 Polar Vortex             Ice            13%        N/A       100%        9


Dungeon Overview and Level Annotations

Branches:
Dungeon (11/15)            Temple (1/1) D:5            Lair (3/6) D:9
  Swamp (0/4) Lair:3        Snake (0/4) Lair:2          Orc (1/2) D:9
Ossuary (visited)         Volcano (visited)

Altars:
Ashenzari
Cheibriados
Dithmenos
Elyvilon
Fedhas
Gozag
Hepliaklqana
Kikubaaqudgha
Makhleb
Nemelex Xobeh
Okawaru
Qazlal
Ru
Sif Muna
Trog
Uskayaw
Vehumet
Wu Jian
Xom
Yredelemnul
Zin
The Shining One
Lugonu

Shops:
D:3 !   D:6 ([:


Innate Abilities, Weirdness & Mutations

You possess an exceptional clarity of mind.
Potions are less effective at restoring your health.


Message History

Press: ? - help, Dir - look around, f - activate
Okay, then.
As you read the scroll of teleportation, it crumbles to dust.
You feel strangely unstable. The six-headed hydra barely misses you.
The six-headed hydra completely misses you.
The six-headed hydra bites you. The six-headed hydra barely misses you.
The six-headed hydra misses you.
The six-headed hydra bites you but does no damage.
Your lightning spire shoots out a bolt of lightning at the six-headed hydra!
The bolt of electricity hits the five-headed hydra!
The bolt of electricity hits the six-headed hydra!
The bolt of electricity hits the swamp worm!
Okay, then.
Okay, then.
Unknown command.
You whack the six-headed hydra!
The six-headed hydra is moderately wounded.
The five-headed hydra completely misses you.
The five-headed hydra bites you!
* * * LOW HITPOINT WARNING * * *
The five-headed hydra bites you!
* * * LOW HITPOINT WARNING * * *
The five-headed hydra completely misses you.
The five-headed hydra barely misses you.
The six-headed hydra completely misses you.
The six-headed hydra closely misses you.
The six-headed hydra bites you.
* * * LOW HITPOINT WARNING * * *
The six-headed hydra closely misses you.
The six-headed hydra bites you!
* * * LOW HITPOINT WARNING * * *
The six-headed hydra completely misses you.
Your system partially rejects the healing.
You feel much better.
Your lightning spire shoots out a bolt of lightning at the six-headed hydra!
The bolt of electricity hits the five-headed hydra!
The bolt of electricity hits the six-headed hydra!
The five-headed hydra closely misses you.
The five-headed hydra bites you!
You die...

**** ******* ***
*,,***,,*.P######♣♣♣ *>********
,,,,,,,,,,.......♣.♣♣*♣*≈≈*,,*,,*
,*,**,,,****,#.....≈♣.♣♣≈≈,,,,,,*
*****,,,,* *##..w..≈≈..♣♣≈,,≈,,,,
* *,,,** #..DD♣≈w≈...♣*,≈≈≈*,, *
**,,#** ##8.@♣≈≈≈≈..♣**≈≈≈*,,
*****,,,..####...♣≈≈≈≈♣§♣**≈≈≈,,*
,**,,,,,.........♣≈≈≈≈♣,§,*≈≈≈,,*
,,,,,,,,........♣♣≈≈≈≈♣,,,,,≈≈,**
,,,,,,,,........#♣≈≈≈♣♣♣**,,≈***,
*****,,,..##.#..#♣♣♣♣♣>♣♣♣♣♣♣*,,,
**,,.**###...##P♣...♣.♣..,,,,
*,,,,,* #...............,,,,
*,,,,** ##...............,,,,


You could see a six-headed hydra (distracted, ally target), a five-headed hydra,
a swamp worm and a friendly lightning spire (summoned).

Vanquished Creatures
  A stone giant (Volcano)
  The ghost of Slifar the Fighter, a journeyman DrCA of Ignis (Lair:2)
  A boulder beetle (D:11)
  2 hydras (Lair:1)
  Fannar (D:11)
  3 two-headed ogres
  3 death yaks (Lair:2)
  Amaemon (D:9)
  2 ugly things (D:11)
  An oklob plant (Lair:3)
  A cyclops (D:8)
  A manticore (D:11)
  2 black mambas (Lair:1)
  A molten gargoyle (Volcano)
  2 gargoyles
  2 unseen horrors
  A cane toad (Lair:3)
  A rime drake (Lair:3)
  3 kobold demonologists (D:11)
  3 komodo dragons (Lair:1)
  Maggie (D:7)
  2 trolls
  A polar bear (Lair:1)
  7 blink frogs
  A hornet (D:7)
  Prince Ribbit (D:8)
  Sigmund (D:2)
  2 wraiths (D:11)
  3 wyverns
  2 basilisks (Lair:1)
  4 yaks
  16 fire elementals
  2 fire bats (Volcano)
  2 nagas (Lair:2)
  3 vampire mosquitoes (D:11)
  3 wargs
  2 acid dragons
  6 water moccasins
  Duvessa (D:7)
  2 orc warriors
  A black bear (D:7)
  2 sky beasts
  An ogre (D:6)
  5 boggarts (D:9)
  2 centaurs
  A phantom (D:4)
  3 kobold brigands
  17 bullfrogs
  4 necrophages
  2 earth elementals (Volcano)
  A gnoll sergeant (D:10)
  3 scorpions
  4 water moccasin zombies (Ossuary)
  10 wights
  Dowan (D:7)
  5 killer bees
  2 electric eels (Lair:1)
  6 lava snakes (Volcano)
  3 howler monkeys
  2 hounds
  7 jellies
  5 orc priests
  2 gnoll shamans
  Terence (D:2)
  4 iguanas
  9 orc wizards
  2 mummies (Ossuary)
  9 adders
  12 gnolls (D:4)
  2 white imps
  4 adder zombies (Ossuary)
  2 worms
  4 dart slugs
  23 orcs
  20 endoplasms
  4 giant cockroaches
  7 goblins
  13 hobgoblins
  10 jackals
  20 kobolds
  4 quokkas
  6 ball pythons
  3 bats
  2 frilled lizards
  3 gnoll zombies (Ossuary)
  5 hobgoblin zombies (Ossuary)
  3 kobold zombies (Ossuary)
  5 orc zombies (Ossuary)
  3 rats
364 creatures vanquished.

Vanquished Creatures (collateral kills)
  Gastronok (D:8)
  2 two-headed ogres
  A death yak (Lair:2)
  An orc knight (Orc:1)
  An ugly thing (D:7)
  A cane toad (Lair:1)
  A molten gargoyle (Volcano)
  3 rime drakes (Lair:2)
  2 komodo dragons (Lair:1)
  An efreet (Volcano)
  A troll (D:11)
  A blink frog (Lair:2)
  Grinder (D:6)
  A wyvern (D:7)
  3 yaks (Lair:2)
  A wraith (D:11)
  A steam dragon (D:7)
  A warg (Orc:1)
  An acid dragon (D:6)
  2 nagas (Lair:2)
  6 water moccasins
  An orc warrior (D:7)
  An ogre (D:7)
  2 centaurs
  A kobold brigand (D:9)
  A bullfrog (D:7)
  13 wights
  A killer bee (D:8)
  A lava snake (Volcano)
  An orc priest (D:9)
  3 orc wizards (D:7)
  An adder (Lair:1)
  A white imp (D:7)
  11 orcs
  2 kobolds
73 creatures vanquished.

Vanquished Creatures (others)
  2 wights (D:7)
  6 demonic plants (D:11)
  43 foxfires
  10 fungi
  14 plants
  5 toadstools (D:1)
80 creatures vanquished.

Grand Total: 517 creatures vanquished

Notes
Turn   | Place    | Note
-------+----------+-------------------------------------------
     0 | D:1      | deadleaves the Human Cinder Acolyte began the quest for the
                  | Orb.
     0 | D:1      | Reached XP level 1. HP: 18/18 MP: 2/2
   184 | D:1      | Reached XP level 2. HP: 24/24 MP: 3/3
   299 | D:1      | Found a faded altar of an unknown god.
   336 | D:1      | Reached XP level 3. HP: 18/29 MP: 5/5
  1030 | D:2      | Reached XP level 4. HP: 21/35 MP: 6/6
  1407 | D:2      | Noticed Terence
  1412 | D:2      | Killed Terence
  1413 | D:2      | Reached skill level 1 in Armour
  1685 | D:2      | Reached XP level 5. HP: 41/42 MP: 7/7
  1692 | D:2      | Learned a level 2 spell: Scorch
  2185 | D:2      | Noticed Sigmund
  2195 | D:2      | Killed Sigmund
  2196 | D:2      | Reached skill level 4 in Maces & Flails
  2196 | D:2      | Reached XP level 6. HP: 49/49 MP: 8/8
  2569 | D:3      | Found Laor's Distillery.
  2577 | D:3      | Bought a potion of heal wounds for 60 gold pieces
  2577 | D:3      | Bought a potion of curing for 36 gold pieces
  2765 | D:3      | Identified the +1 robe "Ockaa" {rF+ Str+7 Dex+4}
  2807 | D:3      | Upgraded the game from 0.29-a0-337-g68df138881 to
                  | 0.29-a0-338-g1ff7896281
  3288 | D:4      | Reached XP level 7. HP: 34/55 MP: 1/10
  4109 | D:4      | Reached skill level 5 in Fighting
  4109 | D:4      | Reached skill level 5 in Maces & Flails
  4701 | D:4      | Reached skill level 1 in Dodging
  4839 | D:5      | Entered Level 5 of the Dungeon
  5447 | D:5      | Found a staircase to the Ecumenical Temple.
  5614 | D:5      | Reached skill level 1 in Polearms
  5614 | D:5      | Reached XP level 8. HP: 53/62 MP: 9/11
  5806 | D:5      | Found a burning altar of Makhleb.
  6089 | Temple   | Entered the Ecumenical Temple
  6339 | Temple   | Fell from the grace of Ignis
  6339 | Temple   | Became a worshipper of Vehumet
  6400 | D:5      | Learned a level 4 spell: Summon Lightning Spire
  6456 | D:6      | Found Oxzuewipt's Weapon Shop.
  6469 | D:6      | Bought a +2 spectral quarterstaff for 242 gold pieces
  6537 | D:6      | Found a sand-covered staircase.
  6541 | Ossuary  | Entered an ossuary
  6567 | Ossuary  | Reached skill level 1 in Summonings
  6567 | Ossuary  | Reached skill level 1 in Air Magic
  6644 | Ossuary  | Reached skill level 1 in Staves
  6787 | Ossuary  | Reached * piety under Vehumet
  6787 | Ossuary  | Offered knowledge of Sandblast by Vehumet.
  7075 | D:6      | Found Vaak's Book Shop.
  7249 | D:6      | You fall into a shaft and drop 1 floor!
  7249 | D:7      | Noticed a wyvern
  7254 | D:7      | Killed a wyvern
  7255 | D:7      | Reached XP level 9. HP: 68/68 MP: 12/12
  7272 | D:7      | Noticed a cyan ugly thing
  7280 | D:7      | Killed a cyan ugly thing
  7532 | D:7      | Reached skill level 5 in Summonings
  7532 | D:7      | Reached skill level 5 in Air Magic
  7573 | D:7      | Reached skill level 5 in Staves
  7679 | D:7      | Reached ** piety under Vehumet
  7679 | D:7      | Offered knowledge of Poisonous Vapours by Vehumet.
  7697 | D:7      | Reached XP level 10. HP: 72/74 MP: 5/13
  8156 | D:6      | Noticed Grinder
  8179 | D:6      | Paralysed by Grinder for 7 turns
  8181 | D:6      | Killed Grinder
  8587 | D:6      | Learned a level 4 spell: Airstrike
  8718 | D:6      | Found Meippica's Armour Shoppe.
  8853 | D:7      | Offered knowledge of Static Discharge by Vehumet.
  9283 | D:7      | Reached *** piety under Vehumet
  9400 | D:7      | Noticed Duvessa
  9400 | D:7      | Noticed Dowan
  9411 | D:7      | Killed Duvessa
  9425 | D:7      | Killed Dowan
  9785 | D:8      | Noticed Gastronok
  9814 | D:8      | Offered knowledge of Frozen Ramparts by Vehumet.
  9824 | D:8      | Reached XP level 11. HP: 15/79 MP: 9/17
  9830 | D:8      | Learned a level 3 spell: Frozen Ramparts
 10180 | D:7      | Noticed Maggie
 10390 | D:7      | Killed Maggie
 10391 | D:7      | Reached skill level 5 in Dodging
 10391 | D:7      | Reached skill level 1 in Ice Magic
 11659 | D:8      | Noticed Prince Ribbit
 11664 | D:8      | Killed Prince Ribbit
 11780 | D:8      | Noticed a cyclops
 11784 | D:8      | Killed a cyclops
 11785 | D:8      | Reached skill level 5 in Spellcasting
 11842 | D:8      | Was forgiven by Ignis
 12078 | D:8      | Killed Gastronok
 12629 | D:9      | Found a staircase to the Lair.
 12734 | D:9      | Noticed Amaemon
 12747 | D:9      | Killed Amaemon
 13481 | D:9      | Noticed a two-headed ogre
 13485 | D:9      | Killed a two-headed ogre
 13485 | D:9      | Reached **** piety under Vehumet
 13494 | D:9      | Learned a level 6 spell: Death Channel
 13668 | D:9      | Found a staircase to the Orcish Mines.
 13810 | Lair:1   | Entered Level 1 of the Lair of Beasts
 14023 | Lair:1   | Reached skill level 1 in Necromancy
 14312 | Lair:1   | Reached XP level 12. HP: 91/91 MP: 18/21
 14440 | Lair:1   | Offered knowledge of Flame Wave by Vehumet.
 14885 | Lair:1   | Noticed a four-headed hydra
 14896 | Lair:1   | Killed a four-headed hydra
 15233 | Lair:1   | Upgraded the game from 0.29-a0-338-g1ff7896281 to
                  | 0.29-a0-350-g7790a0e70a
 15673 | Lair:1   | Learned a level 4 spell: Flame Wave
 16249 | Lair:1   | Found the +8 whip "Snakebite" {venom, curare, rPois}
 16638 | Lair:2   | Found a staircase to the Snake Pit.
 16954 | Lair:2   | Noticed a five-headed hydra
 16955 | Lair:2   | Reached skill level 6 in Maces & Flails
 17033 | Lair:2   | Noticed a death yak
 17034 | Lair:2   | Noticed a death yak
 17035 | Lair:2   | Noticed a death yak
 17305 | Lair:2   | Reached skill level 7 in Maces & Flails
 17311 | Lair:2   | Noticed a death yak
 17408 | Orc:1    | Entered Level 1 of the Orcish Mines
 17419 | Orc:1    | Noticed an orc high priest
 17823 | D:10     | Entered Level 10 of the Dungeon
 17925 | D:10     | Identified the +0 cloak of Defence {Fly rF- Int+5 SInv}
 17952 | D:10     | Reached skill level 8 in Maces & Flails
 18283 | D:10     | Found a faded altar of an unknown god.
 18283 | D:10     | Found a sparkling altar of Nemelex Xobeh.
 18288 | D:10     | Found an ancient bone altar of Kikubaaqudgha.
 18412 | D:10     | Found a shimmering altar of Xom.
 18413 | D:10     | Found a faded altar of an unknown god.
 18619 | D:10     | Noticed a two-headed ogre
 18628 | D:10     | Killed a two-headed ogre
 18629 | D:10     | Reached XP level 13. HP: 98/98 MP: 14/23
 18713 | D:10     | Reached skill level 9 in Maces & Flails
 19230 | D:11     | Gained mutation: Potions are less effective at restoring
                  | your health. [potion of mutation]
 19230 | D:11     | Gained mutation: You possess an exceptional clarity of
                  | mind. [potion of mutation]
 19284 | D:11     | Noticed a boulder beetle
 19299 | D:11     | Killed a boulder beetle
 19300 | D:11     | Reached skill level 10 in Maces & Flails
 19575 | D:11     | Noticed Fannar
 19583 | D:11     | Killed Fannar
 19584 | D:11     | Reached skill level 11 in Maces & Flails
 19700 | D:11     | Found a corrupted altar of Lugonu.
 20431 | D:11     | Reached ***** piety under Vehumet
 20431 | D:11     | Offered knowledge of Spellforged Servitor by Vehumet.
 21283 | Lair:1   | Killed a five-headed hydra
 21284 | Lair:1   | Reached skill level 12 in Maces & Flails
 21633 | Lair:2   | Reached skill level 5 in Necromancy
 21844 | Lair:2   | Found a runed translucent door.
 21845 | Lair:2   | Noticed Slifar's ghost (journeyman DrCA)
 22820 | Lair:2   | Killed Slifar's ghost
 22979 | Lair:3   | Found a dark tunnel.
 22984 | Volcano  | Entered a volcano
 23102 | Volcano  | Reached XP level 14. HP: 105/105 MP: 15/24
 23804 | Volcano  | Found a bloodstained altar of Trog.
 23813 | Volcano  | Noticed a stone giant
 24500 | Volcano  | Killed a stone giant
 25283 | Lair:3   | HP: 2/105 [six-headed hydra (12)]
 25284 | Lair:3   | Slain by a five-headed hydra

Illustrated notes

Levels and vault maps discovered:
D:1:      ldierk_walled_garden, layout_basic, ebering_ecumenical_altar_abandoned
D:2:      layout_basic, uniq_sigmund, uniq_terence
D:3:      layout_loops_ring, serial_shops, nicolae_shop_advertising_works
          [nicolae_subvault_shop_adworks], dreamdust_princess_bridge,
          kennysheep_boxes
D:4:      layout_basic
D:5:      layout_loops_cross, lightli_temple_of_fire, minmay_temple_entry_fiery
D:6:      layout_basic, enter_ossuary_5, serial_shops, shop_coins,
          kennysheep_mini_moat, nicolae_stop_n_shop_2, uniq_grinder
D:7:      minmay_octagon_keep, layout_loops_ring, st_stairs_5,
          minmay_checkerbox, uniq_duvessa, uniq_maggie
D:8:      layout_gridville, uniq_gastronok, uniq_prince_ribbit1
D:9:      layout_basic, lair_entry_dummy, orc_0_dummy,
          hangedman_decor_clover_reticule, uniq_amaemon
D:10:     layout_basic, chequers_temple_overflow_minitemple,
          serial_bayou_pond_e, minmay_increasing_density
D:11:     kennysheep_kobold_lugonu_temple, layout_stronghold, uniq_fannar
Temple:   dpeg_five_rooms_temple
Lair:1:   minmay_guarded_unrand_snakebite, layout_long_grid,
          serial_bayou_shore_a, infiniplex_staircase_pool_2, grunt_megastairs_2,
          lemuel_fruit_fields, lemuel_fruit_tree, lemuel_fruit_fields
Lair:2:   layout_cave_pods, guppyfry_snake_entry_garden,
          hellmonk_ghost_happy_afterlife, portal_ice_cave_rime,
          gauntlet_entry_generic, grunt_megastairs_5
Lair:3:   lemuel_slime, layout_small_grid, palyth_hydra_swamp_entry,
          enter_volcano_4
Orc:1:    layout_caves, basic_altar

Skill      XL: |  1  2  3  4  5  6  7  8  9 10 11 12 13 14 |
---------------+-------------------------------------------+-----
Armour         | 1 2 |  2.7
Fighting       | 4 5 7 8 |  8.1
Maces & Flails | 4 5 8 12 | 12.1
Spellcasting   | 2 4 6 7 |  7.0
Fire Magic     | 4 |  4.5
Dodging        | 1 2 4 6 |  6.8
Polearms       | 1 2 |  2.0
Summonings     | 3 5 6 |  6.1
Air Magic      | 3 5 7 |  7.5
Staves         | 3 5 6 |  6.0
Ice Magic      | 4 |  4.0
Necromancy     | 2 4 7 9 |  9.2

Action                   |  1- 3 |  4- 6 |  7- 9 | 10-12 | 13-15 || total
-------------------------+-------+-------+-------+-------+-------++-------
Melee: Mace              |    91 |   129 |    59 |       |       ||   279
       Punch             |       |     3 |       |     3 |     3 ||     9
       Spear             |       |       |    44 |       |       ||    44
       Quarterstaff      |       |       |    66 |   214 |       ||   280
       Whip              |       |       |       |    71 |   192 ||   263
 Cast: Scorch            |       |    11 |    59 |    86 |    57 ||   213
       Summon Lightning  |       |       |     3 |    55 |    40 ||    98
       Airstrike         |       |       |       |    42 |    55 ||    97
       Frozen Ramparts   |       |       |       |    40 |    22 ||    62
       Flame Wave        |       |       |       |     2 |     2 ||     4
Invok: Foxfire Swarm     |     2 |     1 |       |       |       ||     3
       Fiery Armour      |       |     1 |       |       |       ||     1
Evoke: Wand              |       |       |       |     1 |     1 ||     2
  Use: Scroll            |       |     5 |     7 |    11 |    13 ||    36
       Potion            |       |       |     1 |     5 |     4 ||    10
 Stab: Distracted        |       |       |       |     5 |     2 ||     7
       Sleeping          |       |       |       |       |     1 ||     1
Armor: Robe              |    14 |     1 |    33 |    66 |    18 ||   132
       Scale mail        |    12 |     3 |       |       |       ||    15
       Chain mail        |       |    55 |       |       |       ||    55
Dodge: Dodged            |    78 |    41 |   119 |   251 |   104 ||   593

Table legend: (Time is in decaauts)
 A = Elapsed time spent in this place.
 B = Non-inter-level travel time spent in this place.
 C = Inter-level travel time spent in this place.
 D = Time resting spent in this place.
 E = Time spent auto-exploring this place.
 F = Levels seen in this place.
 G = Mean time per level.
                   A        B        C        D        E       F      G
               +--------+--------+--------+--------+--------+-----+--------+
         Total |  25333 |  24568 |    765 |   8728 |  11075 |  18 | 1407.4 |
       Dungeon |  17098 |  16451 |    647 |   5009 |   8424 |  11 | 1554.4 |
        Temple |    302 |    302 |      0 |      0 |    126 |   1 |  302.0 |
          Lair |   5949 |   5833 |    116 |   2590 |   2262 |   3 | 1983.0 |
  Orcish Mines |     15 |     15 |      0 |      0 |      0 |   1 |   15.0 |
       Ossuary |    325 |    325 |      0 |    168 |      0 |   1 |  325.0 |
       Volcano |   1640 |   1640 |      0 |    961 |    262 |   1 | 1640.0 |
               +--------+--------+--------+--------+--------+-----+--------+

Top non-repeatable levels by time:
  Lair:1: 3751 daAuts
     D:7: 2433 daAuts
    D:11: 1855 daAuts
     D:8: 1828 daAuts
     D:9: 1738 daAuts
     D:4: 1737 daAuts
 Volcano: 1640 daAuts
  Lair:2: 1538 daAuts
     D:6: 1478 daAuts
    D:10: 1456 daAuts
     D:5: 1383 daAuts
     D:2: 1364 daAuts
     D:1: 985 daAuts
     D:3: 837 daAuts
  Lair:3: 659 daAuts
